 Dungeon Crawl Stone Soup version 0.29.1-1-gd02db6906a (webtiles) character file.

Game seed: 15108385935643070853

6 Icepheonix32 the Gusty (level 1, 0/10 HPs)
             Began as a Tengu Air Elementalist on Oct 5, 2022.
             Slain by a jackal (3 damage)
             ... on level 1 of the Dungeon.
             The game lasted 00:00:26 (63 turns).

Icepheonix32 the Gusty (Tengu Air Elementalist)       Turns: 63, Time: 00:00:26

Health: 0/10       AC:  2    Str:  8    XL:     1   Next: 90%
Magic:  0/4        EV: 12    Int: 15    God:
Gold:   0          SH:  0    Dex: 14    Spells: 3/4 levels left

rFire   . . .      SeeInvis .   (no weapon)
rCold   . . .      Faith    .   (no shield)
rNeg    . . .      Spirit   .   a - +0 robe
rPois   .          Reflect  .   (helmet restricted)
rElec   .          Harm     .   (no cloak)
rCorr   .          Rampage  .   (no gloves)
Will    .....                   (boots unavailable)
Stlth   ++........              (no amulet)
HPRegen 0.03/turn               (no ring)
MPRegen 0.09/turn               (no ring)

@: no status effects
A: beak, talons 3
a: no special abilities


You were on level 1 of the Dungeon.
You visited 1 branch of the dungeon, and saw 1 of its levels.

Inventory:

Armour
 a - a +0 robe (worn)
Potions
 b - a potion of magic


   Skills:
 * Level 2.3 Dodging
 - Level 2.0 Stealth
 + Level 2.0 Spellcasting
 * Level 1.9 Conjurations
 + Level 4.2 Air Magic


You had 3 spell levels left.
You knew the following spells:

 Your Spells              Type           Power      Damage    Failure   Level
a - Shock                 Conj/Air       40%        1d5       6%          1

Your spell library contained the following spells:

 Spells                   Type           Power      Damage    Failure   Level
 Static Discharge         Conj/Air       10%        3-5/arc   10%         2
 Swiftness                Air            14%        N/A       12%         3
 Airstrike                Air            7%         2d(1-17)  36%         4


Dungeon Overview and Level Annotations

Branches:
Dungeon (1/15)

Altars:


Innate Abilities, Weirdness & Mutations

You have a beak for a mouth.
You have claws for feet.


Message History

The kobold is severely wounded.
The zap hits the rat.
You kill the rat!
A goblin comes into view. It is wielding a +0 club.
You are out of magic!
You are out of magic!
You are out of magic!
You are out of magic!
You are out of magic!
Unknown command.
Found a dagger.
The jackal bites you.
The endoplasm hits you but does no damage.
The jackal pauses to sniff the ground.
The jackal closely misses you. The jackal closely misses you.
The jackal bites you. The jackal attacks as you move away!
The jackal bites you. The jackal attacks as you move away!
The jackal barely misses you. The jackal bites you.
* * * LOW HITPOINT WARNING * * *
Casting: Shock (safe; 7% risk of failure)
Confirm with . or Enter, or press ? or * to list all spells.
Aiming: Shock (safe; 7% risk of failure)
Press: ? - help, Shift-Dir - straight line The zap misses the jackal.
The zap hits the endoplasm.
You kill the endoplasm!
The zap hits the jackal.
The jackal is almost dead.
The jackal barely misses you.
You hit the jackal but do no damage. Your kick misses the jackal.
The jackal is almost dead.
The jackal closely misses you. The jackal misses you.
You closely miss the jackal. Your kick misses the jackal.
The jackal is almost dead.
The jackal misses you. The jackal attacks as you move away!
The jackal barely misses you. The jackal attacks as you move away!
The jackal bites you but does no damage.
The jackal bites you.
You die...

.. ...# . ..## .
#. #.. .†.
#.####
#.###g†...
#....#
#.........
#.<.###K#.......
#
#....##.#.#.....
#.####.##.#.#
.)##
..#...@h.##.###
...
#....≈≈....g.#
..
.....≈≈..K...# .
##...........#
#..#######..#
#.# ##.# #. #†#
# #.# #)#


You could see a jackal, a goblin and a kobold.

Vanquished Creatures
  An endoplasm (D:1)
  2 hobgoblins (D:1)
  A frilled lizard (D:1)
  A kobold (D:1)
  A rat (D:1)
6 creatures vanquished.

Notes
Turn   | Place    | Note
-------+----------+-------------------------------------------
     0 | D:1      | Icepheonix32 the Tengu Air Elementalist began the quest for
                  | the Orb.
     0 | D:1      | Reached XP level 1. HP: 10/10 MP: 4/4
    63 | D:1      | Slain by a jackal

Illustrated notes

Levels and vault maps discovered:
D:1:      amcnicky_arrival_double_pillar, layout_basic,
          dreamdust_ecumenical_altar_hidden_monk_grotto, st_stairs_5,
          minmay_box_of_dots

Action                   || total
-------------------------++-------
Melee: Unarmed           ||     2
 Cast: Shock             ||     8
Armor: Robe              ||     2
Dodge: Dodged            ||     8
